 Dungeon Crawl Stone Soup version 0.24-a0-789-g35933f4585 (webtiles) character file.

Game seed: 13658860442503839616, levelgen mode: deterministic

557 Johnny the Digger (level 6, -5/75 HPs)
             Began as a Demigod Earth Elementalist on Oct 10, 2019.
             Slain by an ogre
             ... wielding a +0 giant spiked club
              (17 damage)
             ... on level 4 of the Dungeon.
             The game lasted 00:04:39 (4015 turns).

Johnny the Digger (Demigod Earth Elementalist)      Turns: 4015, Time: 00:04:40

Health: -5/75      AC: 23    Str: 11    XL:     6   Next: 82%
Magic:  12/13      EV:  2    Int: 23    God:
Gold:   229        SH:  4    Dex: 16    Spells: 10/11 levels left

rFire    . . .     SeeInvis .   n - +0 falchion
rCold    . . .     Gourm    .   (no shield)
rNeg     + + +     Faith    .   (armour currently unavailable)
rPois    +         Spirit   .   (helmet currently unavailable)
rElec    .         Reflect  +   (cloak currently unavailable)
rCorr    .         Harm     .   (gloves currently unavailable)
MR       .....     NoTele   +   (boots currently unavailable)
Stlth    ++........             h - +4 amulet of reflection
HPRegen  0.22/turn              (no ring)
MPRegen  0.13/turn              (no ring)

@: tree-form
A: high mp 1
a: no special abilities


You were on level 4 of the Dungeon.
You were not hungry.
You were a tree.
You visited 1 branch of the dungeon, and saw 4 of its levels.

You collected 229 gold pieces.

Inventory:

Hand Weapons
 n - a +0 falchion (weapon)
Armour
 c - a +0 robe
 f - a cursed -2 leather armour (melded)
 k - a +0 robe
 l - a +0 pair of gloves (melded)
Jewellery
 h - a +4 amulet of reflection (around neck)
 j - an uncursed amulet of faith
Wands
 o - a wand of polymorph (5)
Scrolls
 e - a scroll of noise
 m - 2 scrolls of amnesia
 q - 2 scrolls of remove curse {unknown}
Potions
 a - 3 potions of curing
 g - a potion of heal wounds {unknown}
 i - 4 potions of lignification
Comestibles
 d - 6 rations
 p - a chunk of flesh


   Skills:
 + Level 2.8 Fighting
 + Level 3.4 Dodging
 - Level 1.7 Stealth
 + Level 3.2 Spellcasting
   Level 0.8 Transmutations
 * Level 5.1 Earth Magic


You had 10 spell levels left.
You knew the following spells:

 Your Spells              Type           Power        Failure   Level  Hunger
a - Sandblast             Erth           ####..       1%          1    None

Your spell library contained the following spells:

 Spells                   Type           Power        Failure   Level  Hunger
 Passwall                 Tmut/Erth      ###.....     4%          2    ##.....
 Stone Arrow              Conj/Erth      ###...       12%         3    ###....
 Petrify                  Tmut/Erth      ###.....     32%         4    ####...
 Lee's Rapid Deconstruct  Erth           ####......   36%         5    ######.


Dungeon Overview and Level Annotations

Branches:
Dungeon (4/15)
 Temple: D:4-7

Annotations:
D:2 Terence


Innate Abilities, Weirdness & Mutations

You have an increased reservoir of magic. (+10% MP)


Message History

No previous command to re-do.
You block the orc's attack.
Evoke which item? (* to show all) (? for menu, Esc to quit)
Okay, then.
Really quaff the potion of lignification?
You turn into a tree.
Your +0 pair of gloves melds into your body.
Your cursed -2 leather armour melds into your body.
Your roots penetrate the ground.
The ogre hits you but does no damage.
You hit the ogre.
The ogre is heavily wounded.
The ogre hits you with a +0 giant spiked club.
You hit the ogre.
The ogre is severely wounded.
The ogre hits you with a +0 giant spiked club!
* * * LOW HITPOINT WARNING * * *
You hit the ogre.
The ogre is severely wounded.
The ogre hits you with a +0 giant spiked club!
You die...

#.#######.#####...###..
.........#...#...)##..
#######..#.#.#..#)##..
#..#.#.#..#.)#..
#..#.#<#..##)#..
#..#.###..##....
###..#......###.#. .
#:...#####........ ...
#♣#...............
.....##O#########.......
.......o...............)
.........#############..
........... #..
$....#....... #..
.#####...[..$.. #.(
#......... #..
#......... #..


You could see an ogre and an orc.

Vanquished Creatures
  An ogre (D:3)
  A scorpion (D:4)
  An orc priest (D:4)
  A centaur skeleton (D:4)
  Natasha (D:2)
  4 orc wizards
  3 worker ants (D:4)
  5 adders
  3 adder skeletons (D:4)
  2 worms
  2 dart slugs (D:1)
  3 leopard geckos
  14 orcs
  4 giant cockroaches
  9 goblins
  8 hobgoblins
  4 kobolds
  2 quokkas (D:2)
  9 bats
  4 frilled lizards
  8 rats
89 creatures vanquished.

Notes
Turn   | Place    | Note
-------+----------+-------------------------------------------
     0 | D:1      | Johnny the Demigod Earth Elementalist began the quest for
                  | the Orb.
     0 | D:1      | Reached XP level 1. HP: 14/14 MP: 5/5
   244 | D:1      | Reached skill level 3 in Earth Magic
   244 | D:1      | Reached XP level 2. HP: 6/22 MP: 5/7
  1142 | D:2      | Reached XP level 3. HP: 27/27 MP: 3/8
  1215 | D:2      | Found a shadowy altar of Dithmenos.
  1230 | D:2      | Reached skill level 1 in Fighting
  1626 | D:2      | Noticed Natasha
  1632 | D:2      | Noticed Terence
  1635 | D:2      | Killed Natasha
  1635 | D:2      | Reached XP level 4. HP: 18/35 MP: 2/10
  2378 | D:3      | Noticed an ogre
  2385 | D:3      | Killed an ogre
  2385 | D:3      | Reached skill level 4 in Earth Magic
  2385 | D:3      | Reached XP level 5. HP: 41/41 MP: 8/12
  2947 | D:4      | Reached XP level 6. HP: 30/49 MP: 5/13
  3602 | D:4      | Reached skill level 5 in Earth Magic
  4005 | D:4      | Found a glowing silver altar of Zin.
  4015 | D:4      | Slain by an ogre

Levels and vault maps discovered:
D:1:      dpeg_arrival_central, layout_loops_ring, minmay_misc_feat_pillars,
          minmay_misc_feat_alley
D:2:      layout_basic, supply_closet_lemuel, nicolae_dithmenos_shadow_blocks,
          uniq_terence, uniq_natasha
D:3:      layout_basic, first_ration, minmay_pentangle
D:4:      layout_basic, chequers_temple_overflow_statue_of_worship,
          minmay_crossroads

Skill      XL: |  1  2  3  4  5  6 |
---------------+-------------------+-----
Dodging        | 2 3 |  3.4
Earth Magic    | 3 4 5 |  5.1
Spellcasting   | 2 3 |  3.2
Fighting       | 1 2 |  2.8
Stealth        | |  1.7
Transmutations | |  0.8

Action                   |  1- 3 |  4- 6 || total
-------------------------+-------+-------++-------
Melee: Unarmed           |    36 |    55 ||    91
       Falchion          |       |    82 ||    82
 Cast: Sandblast         |    52 |    60 ||   112
  Use: Scroll            |     3 |     1 ||     4
       Potion            |       |     1 ||     1
 Stab: Sleeping          |     1 |     3 ||     4
  Eat: Chunk             |     2 |     8 ||    10
Armor: Leather armour    |    12 |    19 ||    31
       Skin              |       |     1 ||     1
Dodge: Dodged            |    54 |   124 ||   178
Block: Other             |    10 |    41 ||    51
       Rpst.: Falchion   |       |    26 ||    26

Table legend:
 A = Non-vault XP
 B = Vault XP
 C = Vault XP percentage of total XP
 D = Non-vault monster count
 E = Vault monster count
 F = Vault count percentage of total count
                 A         B        C        D         E       F
            +---------+---------+-------+---------+---------+-------
      Total |     714 |      83 |  10.4 |      81 |       8 |   9.0
            +---------+---------+-------+---------+---------+-------
        D:1 |      38 |       0 |   0.0 |      21 |       0 |   0.0
        D:2 |      49 |      35 |  41.7 |      13 |       1 |   7.1
        D:3 |     218 |      12 |   5.2 |      24 |       5 |  17.2
        D:4 |     409 |      36 |   8.1 |      23 |       2 |   8.0
            +---------+---------+-------+---------+---------+-------
